 Dungeon Crawl Stone Soup version 0.27.0-1-g7a089689b8 (webtiles) character file.

Game seed: 2546439226859188362

25 Sobieck the Grasshopper (level 2, -1/13 HPs)
             Began as a Felid Warper on Aug 10, 2021.
             Slain by an adder (2 damage)
             ... on level 2 of the Dungeon.
             The game lasted 00:03:30 (1438 turns).

Sobieck the Grasshopper (Felid Warper)              Turns: 1438, Time: 00:03:31

Health: -1/13      AC:  1    Str:  7    XL:     2   Next: 82%
Magic:  6/6        EV: 21    Int: 14    God:
Gold:   14         SH:  0    Dex: 15    Spells: 5/5 levels left
                                        Lives:  0   Deaths: 0

rFire    . . .     SeeInvis +     - Unarmed
rCold    . . .     Faith    .   (shield unavailable)
rNeg     + . .     Spirit   .   (armour unavailable)
rPois    .         Reflect  .   (helmet unavailable)
rElec    .         Harm     .   (cloak unavailable)
rCorr    .         Rampage  .   (gloves unavailable)
Will     .....                  (boots unavailable)
Stlth    +.........             (no amulet)
HPRegen  0.04/turn              d - ring of positive energy
MPRegen  0.10/turn              f - +4 ring of evasion

@: quick
A: very small, claws 1, fangs 3, see invisible, speed 1, shaggy fur 1, stealthy
paws, no weapons or thrown items, no armour, multi-lived
a: no special abilities


You were on level 2 of the Dungeon.
You visited 1 branch of the dungeon, and saw 2 of its levels.

You collected 14 gold pieces.


Innate Abilities, Weirdness & Mutations

You have sharp claws.
You have razor-sharp teeth.
You have supernaturally acute eyesight. (SInv)
You cover ground quickly. (Speed+)
You are covered in fur. (AC +1)
Your paws help you pounce on unaware monsters.
You are incapable of wielding weapons or throwing items.
You cannot wear armour.
You gain extra lives every three experience levels.


   Skills:
 + Level 2.3 Fighting
 - Level 3.2 Dodging
 * Level 2.6 Unarmed Combat
 + Level 2.2 Spellcasting
 + Level 4.7 Translocations


You had 5 spell levels left.
You didn't know any spells.
Your spell library contained the following spells:

 Spells                   Type           Power      Damage    Failure   Level
 Blink                    Tloc           N/A        N/A       4%          2
 Gell's Gravitas          Tloc           7%         N/A       10%         3
 Lesser Beckoning         Tloc           7%         N/A       10%         3
 Teleport Other           Tloc           14%        N/A       10%         3
 Manifold Assault         Tloc           14%        N/A       65%         5

Inventory:

Jewellery
 d - a ring of positive energy (left paw)
   (You found it on level 1 of the Dungeon)
 f - a +4 ring of evasion (right paw)
   (You found it on level 1 of the Dungeon)
Scrolls
 a - a scroll of blinking {!r}
 b - a scroll of amnesia {unknown}
 e - a scroll of enchant weapon {unknown}
 g - a scroll of teleportation {unknown}
Potions
 c - a potion of curing {unknown}
 h - 2 potions of resistance {unknown}
 i - a potion of might {unknown}

Dungeon Overview and Level Annotations

Branches:
Dungeon (2/15)

Altars:

Shops:
D:1

( ... .. ... #.####.##
. ....... .. #..##.##
... #..#..<# ..
.........# #.#..##.#
.........# #.......#
.........# #..#@####
#........# #..S.#
#........####.#..#
...........†.....###
................>.....
..........†....#....##
.......#.......#......
.......#.......#.....##
.#.....######.##.....#


You could see an adder.


Message History

Unknown command.
You scratch the kobold.
You kill the kobold!
The bat misses you.
Unknown command.
The bat misses you. The bat completely misses you.
Things that are here:
a +0 dagger {short}; 5 stones {throwing}; a kobold corpse You miss the bat.
The bat misses you. The bat closely misses you.
You scratch the bat but do no damage. The bat closely misses you.
The bat completely misses you.
You scratch the bat.
You kill the bat!
You start resting.
Things that are here:
a +0 dagger {short}; 5 stones {throwing}; a kobold corpse You see here a bat corpse.
You see here a +0 leather armour.
You see here 13 bolts.
A goblin comes into view. It is wielding a +0 dagger.
The goblin shouts!
Danger!
You start waiting.
A goblin is nearby!
Danger!
You barely miss the goblin. The goblin hits you with a +0 dagger.
You scratch the goblin. The goblin closely misses you.
You barely miss the goblin. The goblin completely misses you.
Unknown command.
You scratch the goblin.
You kill the goblin!
Things that are here:
a +0 dagger {short}; a goblin corpse Unknown command.
You start resting.
Unknown command.
An endoplasm comes into view.
Danger!
The helpless endoplasm fails to defend itself.
You scratch the endoplasm. You bite the endoplasm. The endoplasm misses you.
You barely miss the endoplasm. The endoplasm freezes you.
You are frozen.
You scratch the endoplasm.
You kill the endoplasm!
No target in view!
h - 2 cyan potions Unknown command.
Found an escape hatch in the floor.
Unknown command.
Found Bihuni's Weapon Emporium.
Unknown command.
There is an escape hatch in the floor here.
There is an entrance to Bihuni's Weapon Emporium here.
There is an escape hatch in the floor here.
As you open the door, it creaks loudly!
There is an open door here.
Done exploring.
Unknown command.
Done exploring.
(D) Dungeon
Where to? (? - help)
There is a stone staircase leading down here.
You climb downwards.
Found a stone staircase leading down.
There is a stone staircase leading up here.
Unknown command.
A frilled lizard comes into view.
Danger!
The frilled lizard hisses angrily.
A bat comes into view.
The frilled lizard unfolds its giant frill.
You scratch the frilled lizard.
You kill the frilled lizard!
The bat barely misses you. The bat misses you.
You scratch the bat.
You kill the bat!
No target in view!
You see here a bat corpse.
i - a lumpy grey potion An adder comes into view.
Danger!
The adder hisses angrily.
You see here a bat corpse.
Danger!
Unknown command.
You barely miss the adder. The adder misses you.
Unknown command.
You closely miss the adder. The adder bites you. x2
* * * LOW HITPOINT WARNING * * *
You closely miss the adder. The adder bites you.
* * * LOW HITPOINT WARNING * * *
Unknown command.
You scratch the adder but do no damage. The adder bites you.
* * * LOW HITPOINT WARNING * * *
Unknown command.
You scratch the adder but do no damage. The adder misses you.
Unknown command.
You scratch the adder. Your bite misses the adder. The adder misses you.
You completely miss the adder. The adder bites you.
You die...

Action                   || total
-------------------------++-------
Melee: Unarmed           ||    76
       Bite              ||     5
 Stab: Sleeping          ||     1
Armor: Skin              ||     4
Dodge: Dodged            ||    49

Levels and vault maps discovered:
D:1:      moated_graveyard_arrival, layout_basic, serial_shops,
          nicolae_shop_statue_plus, serial_park_tiny_pond, nrook_mini_vaults
D:2:      layout_basic, dreamdust_ecumenical_altar_sealed_demon,
          kennysheep_generic_room_10, uniq_terence, uniq_natasha

Notes
Turn   | Place    | Note
-------+----------+-------------------------------------------
     0 | D:1      | Sobieck the Felid Warper began the quest for the Orb.
     0 | D:1      | Reached XP level 1. HP: 9/9 MP: 4/4
   298 | D:1      | Reached XP level 2. HP: 6/13 MP: 6/6
  1297 | D:1      | Found Bihuni's Weapon Emporium.
  1434 | D:2      | HP: 2/13 [adder (3)]
  1438 | D:2      | Slain by an adder

Vanquished Creatures
  2 dart slugs (D:1)
  An endoplasm (D:1)
  A giant cockroach (D:1)
  5 goblins (D:1)
  A hobgoblin (D:1)
  A kobold (D:1)
  A quokka (D:1)
  3 ball pythons (D:1)
  3 bats
  A frilled lizard (D:2)
  A rat (D:1)
20 creatures vanquished.

Table legend:
 A = Non-vault XP
 B = Vault XP
 C = Vault XP percentage of total XP
 D = Non-vault monster count
 E = Vault monster count
 F = Vault count percentage of total count
                 A         B        C        D         E       F
            +---------+---------+-------+---------+---------+-------
      Total |      36 |       0 |   0.0 |      20 |       0 |   0.0
            +---------+---------+-------+---------+---------+-------
        D:1 |      34 |       0 |   0.0 |      18 |       0 |   0.0
        D:2 |       2 |       0 |   0.0 |       2 |       0 |   0.0
            +---------+---------+-------+---------+---------+-------

Illustrated notes

Table legend:
 A = Kills in this place as a percentage of kills in entire the game.
 B = Kills by you in this place as a percentage of kills by you in the entire game.
 C = Kills by friends in this place as a percentage of kills by friends in the entire game.
 D = Other kills in this place as a percentage of other kills in the entire game.
 E = Experience gained in this place as a percentage of experience gained in the entire game.
 F = Experience gained in this place divided by the number of levels of this place that you have seen.
                   A       B       C       D       E      F
               +-------+-------+-------+-------+-------+----------------------
         Total | 100.0 | 100.0 |   N/A |   N/A | 100.0 |  18.0
       Dungeon | 100.0 | 100.0 |   N/A |   N/A | 100.0 |  18.0
               +-------+-------+-------+-------+-------+----------------------

Table legend: (Time is in decaauts)
 A = Elapsed time spent in this place.
 B = Non-inter-level travel time spent in this place.
 C = Inter-level travel time spent in this place.
 D = Time resting spent in this place.
 E = Time spent auto-exploring this place.
 F = Levels seen in this place.
 G = Mean time per level.
                   A        B        C        D        E       F      G
               +--------+--------+--------+--------+--------+-----+--------+
         Total |   1329 |   1315 |     14 |    739 |    388 |   2 |  664.5 |
       Dungeon |   1329 |   1315 |     14 |    739 |    388 |   2 |  664.5 |
               +--------+--------+--------+--------+--------+-----+--------+

Top non-repeatable levels by time:
     D:1: 1297 daAuts
     D:2: 31 daAuts
